 Dungeon Crawl Stone Soup version 0.31-a0-1405-g2bb1a01664 (webtiles) character file.

Game seed: 16873630947891645282

18 jasper the Conjurer (level 2, -1/19 (22) HPs)
             Began as a Demonspawn Reaver on Dec 25, 2023.
             Killed from afar by Natasha (9 damage)
             ... with a magic dart
             ... on level 2 of the Dungeon.
             The game lasted 00:01:11 (1094 turns).

jasper the Conjurer (Demonspawn Reaver)             Turns: 1094, Time: 00:01:12

HP:   -1/19 (22)    AC:  5    Str: 12    XL:     2   Next: 48%
MP:   4/5           EV: 11    Int: 13    God:
Gold: 37            SH:  0    Dex: 17    Spells: 4/5 levels left

rFire   + . .        a - +0 hand axe
rCold   . . .        (no shield)
rNeg    . . .        j - +0 ring mail {rF+}
rPois   .            (no helmet)
rElec   .            (no cloak)
rCorr   .            (no gloves)
SInv    .            (no boots)
Will    .....        (no amulet)
Stlth   +            g - +6 ring of dexterity
HPRegen 0.23/turn    (no ring)
MPRegen 0.09/turn

%: no passive effects
@: heavily drained
A: powered by death 1
a: no special abilities


You were on level 2 of the Dungeon.
You visited 1 branch of the dungeon, and saw 2 of its levels.

You collected 37 gold pieces.

Inventory:

Hand Weapons
 a - a +0 hand axe (weapon)
Missiles
 c - 9 stones
Armour
 b - a +0 leather armour
 j - a +0 ring mail of fire resistance (worn)
Jewellery
 g - a +6 ring of dexterity (left hand)
Scrolls
 f - 3 scrolls of identify {unknown}
 h - a scroll of amnesia {unknown}
 i - a scroll of enchant weapon {unknown}
Potions
 d - a potion of heal wounds {unknown}
 e - a potion of might {unknown}


   Skills:
 + Level 2.2 Fighting
 * Level 3.0 Axes
 + Level 0.6 Armour
 + Level 2.0 Dodging
 - Level 2.0 Spellcasting
 - Level 3.0 Conjurations


You had 4 spell levels left.
You knew the following spells:

 Your Spells              Type           Power      Damage    Failure   Level
a - Kiss of Death         Conj/Necr      20%        2d7       30%         1

Your spell library contained the following spells:

 Spells                   Type           Power      Damage    Failure   Level
 Momentum Strike          Conj/Tloc      10%        3d8       43%         2
 Apportation              Tloc           2%         N/A       50%         1
 Jinxbite                 Hex            2%         N/A       65%         2
 Hailstorm                Conj/Ice       5%         3d5       67%         3
 Confusing Touch          Hex            1%         N/A       86%         3
 Dispel Undead            Necr           1%         3d6       99%         4
 Alistair's Intoxication  Alch           0%         N/A       100%        5


Dungeon Overview and Level Annotations

Branches:
Dungeon (2/15)

Altars:

Annotations:
D:2 Natasha


Innate Abilities, Weirdness & Mutations

You regenerate a little health from kills.


Message History

Natasha is lightly wounded.
You hit the cerulean imp. You completely miss the cerulean imp.
The cerulean imp closely misses you. Natasha closely misses you.
The cerulean imp hits you but does no damage.
Sorry, you're not good enough to have a special ability.
Casting: Kiss of Death (safe; 30% risk of failure)
Confirm with . or Enter, or press ? or * to list all spells.
Aiming: Kiss of Death (safe; 30% risk of failure)
Press: ? - help, Shift-Dir - straight line, f - Natasha
Aim: Natasha (lightly wounded, 100% to hit)
The negative energy hits Natasha!
Natasha is drained!
Natasha is severely wounded.
You feel drained. The cerulean imp completely misses you.
Natasha claws you but does no damage. The cerulean imp closely misses you.
You now have 4/5 mp.
Casting: Kiss of Death (safe; 30% risk of failure)
Confirm with . or Enter, or press ? or * to list all spells.
Okay, then.
You hit Natasha but do no damage.
Natasha is severely wounded.
You miss the cerulean imp. You hit the cerulean imp.
The cerulean imp hits you with a +2 spear.
Natasha claws you.
The cerulean imp hits you but does no damage.
You take 3 damage, and have 16/19 hp.
You hit Natasha but do no damage.
Natasha is severely wounded.
You barely miss the cerulean imp.
You hit the cerulean imp but do no damage.
The cerulean imp hits you but does no damage.
Natasha claws you.
The cerulean imp hits you with a +2 spear. x2
You take 9 damage, and have 7/19 hp.
MASSIVE DAMAGE!!
You hit Natasha.
Natasha is almost dead.
You hit the cerulean imp but do no damage. x2
Natasha casts a spell at you. The magic dart hits you!
You die...
Natasha curls up and begins to purr.

. ######## # .. #......#
# ... #......# # ....
#...>..# # .....
#......# #
......###......#
......h@.......#
......†55......#########
####...........†........
#........###.########
#........# #.#
#........# #.#
#........# #.#
#........# #.#
#........# #.#


You could see Natasha (very drained) and 2 cerulean imps.

Vanquished Creatures
  A worm (D:2)
  An endoplasm (D:1)
  2 giant cockroaches (D:1)
  2 goblins (D:1)
  2 jackals (D:1)
  2 bats (D:1)
  2 frilled lizards
  A kobold (D:1)
  3 rats
16 creatures vanquished.

Notes
Turn   | Place    | Note
-------+----------+-------------------------------------------
     0 | D:1      | jasper the Demonspawn Reaver began the quest for the Orb.
     0 | D:1      | Reached XP level 1. HP: 16/16 MP: 3/3
   633 | D:1      | Gained mutation: You regenerate a little health from kills.
                  | [demonic ancestry]
   633 | D:1      | Reached XP level 2. HP: 22/22 MP: 5/5
  1082 | D:2      | Noticed Natasha
  1094 | D:2      | Killed from afar by Natasha

Illustrated notes

Levels and vault maps discovered:
D:1:      dpeg_arrival_lava_temple_mockup, layout_loops_corners, chequers_avenue
D:2:      layout_basic, basic_altar, uniq_sigmund, uniq_natasha

Skill      XL: |  1  2 |
---------------+-------+-----
Axes           | 3 |  3.0
Dodging        | 2 |  2.0
Fighting       | |  2.2
Armour         | |  0.6
Spellcasting   | |  2.0
Conjurations   | |  3.0

Action                     || total
---------------------------++-------
  Melee: Hand axe          ||    54
   Cast: Kiss of Death     ||     1
 Armour: Leather armour    ||    34
         Ring mail         ||    15
  Dodge: Dodged            ||    49

Table legend: (Time is in decaauts)
 A = Elapsed time spent in this place.
 B = Non-inter-level travel time spent in this place.
 C = Inter-level travel time spent in this place.
 D = Time resting spent in this place.
 E = Time spent auto-exploring this place.
 F = Levels seen in this place.
 G = Mean time per level.
                   A        B        C        D        E       F      G
               +--------+--------+--------+--------+--------+-----+--------+
         Total |   1102 |   1089 |     13 |      0 |    902 |   2 |  551.0 |
       Dungeon |   1102 |   1089 |     13 |      0 |    902 |   2 |  551.0 |
               +--------+--------+--------+--------+--------+-----+--------+

Top non-repeatable levels by time:
     D:1: 922 daAuts
     D:2: 179 daAuts
